 Dungeon Crawl Stone Soup version 0.30.1-9-gdf580d7c3d (webtiles) character file.

Game seed: 3537450124141703554

23 Ivernyr the Shield-Bearer (level 3, -1/29 HPs)
             Began as a Formicid Fighter on Oct 7, 2023.
             Engulfed by a cloud of flame (30 damage)
             ... on level 1 of the Dungeon.
             The game lasted 00:02:14 (1006 turns).

Ivernyr the Shield-Bearer (Formicid Fighter)        Turns: 1006, Time: 00:02:15

Health: -1/29      AC:  6    Str: 22    XL:     3   Next: 10%
Magic:  3/3        EV:  9    Int:  7    God:
Gold:   27         SH:  5    Dex: 13    Spells: 2/2 levels left

rFire   . . .        a - +0 flail
rCold   . . .        c - +0 buckler
rNeg    . . .        b - +0 scale mail
rPois   .            (helmet unavailable)
rElec   .            (no cloak)
rCorr   .            (no gloves)
SInv    +            (no boots)
Will    .....        (no amulet) Stlth
                     (no ring)
HPRegen 0.24/turn    (no ring)
MPRegen 0.08/turn

%: no passive effects
@: no status effects
A: permanent stasis, dig shafts and tunnels, antennae 3, four strong arms
a: Dig, Shaft Self


You were on level 1 of the Dungeon.
You visited 1 branch of the dungeon, and saw 1 of its levels.

You collected 27 gold pieces.

Inventory:

Hand Weapons
 a - a +0 flail (weapon)
Armour
 b - a +0 scale mail (worn)
 c - a +0 buckler (worn)
Scrolls
 f - a scroll of enchant weapon {unknown}
 i - a scroll of identify {unknown}
Potions
 d - a potion of might
 e - a potion of experience {unknown}
 g - a potion of curing {unknown}
 h - a potion of cancellation {unknown}


   Skills:
 + Level 3.5 Fighting
 * Level 2.6 Maces & Flails
 + Level 3.5 Armour
 + Level 4.3 Shields


You had 2 spell levels left.
You didn't know any spells.
Your spell library contained the following spells:

 Spells                   Type           Power      Damage    Failure   Level
 Static Discharge         Conj/Air       0%         2-2/arc   91%         2
 Sublimation of Blood     Necr           0%         N/A       91%         2
 Airstrike                Air            0%         2d(0-16)  100%        4
 Petrify                  Tmut/Erth      0%         N/A       100%        4
 Summon Lightning Spire   Summ/Air       0%         N/A       100%        4
 Irradiate                Conj/Tmut      0%         3d11      100%        5


Dungeon Overview and Level Annotations

Branches:
Dungeon (1/15)

Altars:


Innate Abilities, Weirdness & Mutations

You cannot be hasted, slowed, berserked, paralysed or teleported.
You can dig through walls and to a lower floor.
You have a pair of large antennae on your head. (SInv)
Your four strong arms can wield two-handed weapons with a shield.


Message History

You sense a monster nearby.
You pick up a book of Alchemy and begin reading...
You add the spells Sublimation of Blood, Petrify and Irradiate to your library.
h - a black potion A rat comes into view.
You see here a +1 dagger of speed.
A rat is nearby!
You sock the rat!
You kill the rat!
You see here a rat corpse.
You see here a +1 dagger of speed.
You open the door.
There is an open door here.
There is a stone staircase leading down here.
There is an open door here.
Partly explored, can't reach some items and places.
Partly explored, can't reach some items and places.
Really walk into a travel-excluded area?
Really walk into that cloud of flame?
You are engulfed in blazing flames.
Ouch! That really hurt!
* * * LOW HITPOINT WARNING * * *
You see here a scroll labelled ZEMERR LIPUGG.
You start resting.
HP restored.
Really walk into a travel-excluded area? [Y]es or [N]o only, please.
Really walk into a travel-excluded area?
You are engulfed in blazing flames.
Ouch! That really hurt!
You see here a scroll labelled ZEMERR LIPUGG.
i - a scroll labelled ZEMERR LIPUGG You are engulfed in blazing flames.
* * * LOW HITPOINT WARNING * * *
You start resting.
HP restored.
Really walk into a travel-excluded area?
You are engulfed in blazing flames.
Ouch! That really hurt!
You die...

..#..........# #.#.#.####
#.'.)........# { ##########
###..........# # #.....
.............# §# ######
###.........)### ☼§# #..#
##########.#...#####...######.#
#..........####.§☼☼.$$..°○§.#.#
#.###......####.○☼○.$$..§§☼...#
#...'...........@§°...$.§§○...#
#####......#########...######.#
#.##.......# #○○☼# #.#
#.##.......# #§§§# #.#
#.##.#####'##### #☼§§# #.#
#.##...........#####...######.#
#.#..............##.........#.#
#.#..............##.##†#†####[#
#.#..............##.##.#.#....#


There were no monsters in sight!

Vanquished Creatures
  A ball python (D:1)
  2 endoplasms (D:1)
  2 giant cockroaches (D:1)
  A goblin (D:1)
  4 hobgoblins (D:1)
  5 bats (D:1)
  A frilled lizard (D:1)
  A kobold (D:1)
  4 rats (D:1)
21 creatures vanquished.

Vanquished Creatures (others)
  A bat (D:1)
1 creature vanquished.

Grand Total: 22 creatures vanquished

Notes
Turn   | Place    | Note
-------+----------+-------------------------------------------
     0 | D:1      | Ivernyr the Formicid Fighter began the quest for the Orb.
     0 | D:1      | Reached XP level 1. HP: 18/18 MP: 1/1
   138 | D:1      | Reached XP level 2. HP: 24/24 MP: 2/2
   520 | D:1      | Reached XP level 3. HP: 29/29 MP: 3/3
  1006 | D:1      | Engulfed by a cloud of flame

Illustrated notes

Levels and vault maps discovered:
D:1:      dpeg_arrival_arbitrary_c, layout_basic, lemuel_flame_loot_1

Action                     || total
---------------------------++-------
  Melee: Flail             ||    62
 Armour: Scale mail        ||    37
  Dodge: Dodged            ||    30
  Block: Buckler           ||    18
